 Dungeon Crawl Stone Soup version 0.29-a0-732-g3d7fbe0af2 (webtiles) character file.

Game seed: 18340291020504587684

120131 diecastcamel the Imperceptible (level 16, 0/63 (67) HPs)
             Began as a Spriggan Enchanter on June 27, 2022.
             Was the Champion of Dithmenos.
             Killed from afar by a swamp worm (22 damage)
             ... with a harpoon shot
             ... on level 2 of the Swamp on June 29, 2022.
             The game lasted 04:28:07 (36703 turns).

diecastcamel the Imperceptible (SpEn)              Turns: 36703, Time: 04:28:08

HP:   0/63 (67)     AC:  7    Str:  6    XL:     16   Next: 29%
MP:   23/24         EV: 29    Int: 19    God:    Dithmenos [******]
Gold: 818           SH: 15    Dex: 19    Spells: 8/25 levels left

rFire   + . .      SeeInvis +   x - +4 dagger (venom)
rCold   + + .      Faith    .   R - +2 buckler
rNeg    . . .      Spirit   .   M - +2 robe {rC+ rF+}
rPois   +          Reflect  +   (helmet restricted)
rElec   .          Harm     .   E - +2 cloak
rCorr   +          Rampage  .   (gloves unavailable)
Will    ++...                   (boots unavailable)
Stlth   ++++++++..              n - amulet of reflection
HPRegen 0.20/turn               L - +4 ring of slaying
MPRegen 0.19/turn               X - ring "Riuw Lazo" {rPois rC+ rCorr SInv}

@: confusing by touch, wreathed by umbra, drained, slow
A: very small, no large weapons, unfitting armour, see invisible, speed 3
a: Renounce Religion, Shadow Step, Shadow Form


You were on level 2 of the Swamp.
You worshipped Dithmenos.
Dithmenos was exalted by your worship.
You visited 6 branches of the dungeon, and saw 26 of its levels.
You also visited: Ice Cave.

You collected 2570 gold pieces.
You spent 1752 gold pieces at shops.

Inventory:

Hand Weapons
 h - a +0 dagger of freezing
 i - a +0 sling
 x - a +4 dagger of venom (weapon)
 W - a +4 short sword
Missiles
 y - 31 poisoned darts
 Q - 6 curare-tipped darts
Armour
 j - a +1 robe of willpower
 E - a +2 cloak (worn)
 M - a +2 robe of resistance (worn)
 P - a +0 troll leather armour
 R - a +2 buckler (worn)
Jewellery
 e - a ring of magical power
 k - a ring of willpower
 n - an amulet of reflection (around neck)
 G - a ring of positive energy
 H - a ring of protection from fire
 L - a +4 ring of slaying (left hand)
 X - the ring "Riuw Lazo" (right hand) {rPois rC+ rCorr SInv}
   (You bought it in a shop on level 2 of the Orcish Mines)

   [ring of see invisible]

   rC:        It protects you from cold.
   rPois:     It protects you from poison.
   SInv:      It lets you see invisible.
   rCorr:     It protects you from acid and corrosion.
 Y - an amulet of magic regeneration
Wands
 l - a wand of flame (46)
 p - a wand of polymorph (4)
 D - a wand of charming (42)
 S - a wand of iceblast (14)
 U - a wand of mindburst (20)
 V - a wand of quicksilver (7)
Scrolls
 b - a scroll of silence
 d - 2 scrolls of amnesia
 f - 8 scrolls of teleportation
 o - 5 scrolls of immolation
 t - 3 scrolls of vulnerability
 u - 3 scrolls of fear
 B - 3 scrolls of poison
 N - a scroll of magic mapping
 O - 3 scrolls of identify
Potions
 a - 5 potions of ambrosia
 c - a potion of invisibility
 g - 2 potions of flight
 m - 2 potions of attraction
 q - 2 potions of magic
 r - 7 potions of brilliance
 v - 8 potions of curing
 w - 4 potions of cancellation
 z - 4 potions of heal wounds
 A - 5 potions of mutation
 F - 5 potions of haste
 J - a potion of might
 K - a potion of berserk rage
Miscellaneous
 C - a condenser vane
 I - a box of beasts
 T - a phial of floods


   Skills:
 - Level 15.0 Short Blades
 + Level 15.6 Dodging
 * Level 22.5 Stealth
 - Level 5.0 Shields
 - Level 5.0 Spellcasting
 + Level 16.0 Hexes
 - Level 4.0 Translocations
 - Level 4.0 Ice Magic
 + Level 12.7 Evocations


You had 8 spell levels left.
You knew the following spells:

 Your Spells              Type           Power      Damage    Failure   Level
a - Ensorcelled Hibernat  Hex/Ice        84%        N/A       1%          2
b - Tukima's Dance        Hex            60%        N/A       1%          3
c - Dazzling Flash        Conj/Hex       70%        N/A       2%          3
d - Confusing Touch       Hex            60%        N/A       1%          3
e - Cause Fear            Hex            30%        N/A       1%          4
f - Blink                 Tloc           38%        N/A       7%          2

Your spell library contained the following spells:

 Spells                   Type           Power      Damage    Failure   Level
 Inner Flame              Hex/Fire       35%        N/A       2%          3
 Summon Guardian Golem    Hex/Summ       35%        N/A       2%          3
 Frozen Ramparts          Ice            38%        1d5       14%         3
 Gell's Gravitas          Tloc           19%        N/A       14%         3
 Lesser Beckoning         Tloc           19%        N/A       14%         3
 Teleport Other           Tloc           19%        N/A       14%         3
 Summon Small Mammal      Summ           16%        N/A       24%         1
 Yara's Violent Unravell  Hex/Tmut       17%        3d8       24%         5
 Enfeeble                 Hex            30%        N/A       28%         7
 Passage of Golubria      Tloc           19%        N/A       41%         4
 Call Canine Familiar     Summ           4%         N/A       56%         3
 Ignite Poison            Fire/Tmut/Pois 4%         N/A       56%         3
 Mephitic Cloud           Conj/Pois/Air  4%         N/A       56%         3
 Ice Form                 Ice/Tmut       12%        N/A       71%         4
 Summon Ice Beast         Ice/Summ       12%        N/A       71%         4
 Manifold Assault         Tloc           19%        N/A       77%         5
 Discord                  Hex            30%        N/A       91%         8
 Freezing Cloud           Conj/Ice/Air   4%         6-21      98%         5
 Blade Hands              Tmut           2%         N/A       100%        5
 Irradiate                Conj/Tmut      2%         3d14      100%        5
 Dispersal                Tloc           9%         N/A       100%        6
 Dragon Form              Tmut           2%         N/A       100%        7
 Malign Gateway           Summ/Tloc      6%         N/A       100%        7
 Summon Horrible Things   Summ           2%         N/A       100%        8


Dungeon Overview and Level Annotations

Branches:
Dungeon (12/15)            Temple (1/1) D:6            Lair (6/6) D:10
  Swamp (1/4) Lair:2       Spider (3/4) Lair:4        Slime (0/5) Lair:5
    Orc (2/2) D:9             Elf (0/3) Orc:2         IceCv (visited)

Altars:
Ashenzari
Cheibriados
Dithmenos
Elyvilon
Fedhas
Gozag
Hepliaklqana
Kikubaaqudgha
Makhleb
Nemelex Xobeh
Okawaru
Qazlal
Ru
Sif Muna
Trog
Uskayaw
Vehumet
Wu Jian
Xom
Yredelemnul
Zin
The Shining One
Jiyva

Shops:
D:5 *   Orc:2 (=[*(

Annotations:
D:12 2 transporters, Josephine; snackwell's ghost, journeyman TrGl
Lair:2 exclusion: oklob plant
Lair:3 exclusion: oklob plant
Lair:5 1 runed translucent door
Lair:6 exclusion: ice statue
Swamp:2 Mlioglotl


Innate Abilities, Weirdness & Mutations

You are very small and have problems with some larger weapons.
You are too small for most types of armour.
You have supernaturally acute eyesight. (SInv)
You cover ground extremely quickly. (Speed+++)


Message History

Aiming: Ensorcelled Hibernation (safe; 1% risk of failure)
Press: ? - help, Q - select action, (/) - cycle Shift-Dir - straight line, f - eleionoma
Aim: an eleionoma (umbra, chance to affect: 8%)
Okay, then.
Found a stone staircase leading down.
The eleionoma splashes around in the water.
Okay, then.
Casting: Confusing Touch (safe; 1% risk of failure)
Press: ? - help, Q - select action, (/) - cycle Dir - look around, f - activate Your hands begin to glow red.
The eleionoma misses you.
You hit the eleionoma but do no damage. You hit the eleionoma but do no damage.
Your shadow barely misses the eleionoma.
The eleionoma barely misses you.
You hit the eleionoma but do no damage.
Your shadow hits the eleionoma with a dagger.
You hit the eleionoma but do no damage.
The eleionoma is lightly wounded.
The eleionoma hits you!!
You enter the shallow water.
Moving in this stuff is going to be slow.
The eleionoma flows through the trees.
You enter the shallow water.
Moving in this stuff is going to be slow.
The eleionoma hurls a spray of splinters at you.
The spray of wooden splinters misses you.
The eleionoma hurls a spray of splinters at you.
The spray of wooden splinters hits you.
The eleionoma flows through the trees.
You hit the eleionoma but do no damage. The tyrant leech misses you.
The eleionoma hits you.
Found 16 gold pieces.
The eleionoma hurls a spray of splinters at you.
The spray of wooden splinters misses you.
You enter the shallow water.
Moving in this stuff is going to be slow.
The swamp worm fires a harpoon shot at you.
The harpoon shot hits you!!
You die...

..≈ ≈$≈. ..... ≈.§≈≈≈≈
≈≈≈≈≈≈≈ ≈. ..≈≈≈≈≈ ≈§≈≈
..≈≈≈.. ≈≈≈≈.♣♣♣♣♣
≈≈≈..<≈ ≈≈≈≈≈♣.≈.♣
....♣♣.. §≈§§..≈
§≈≈≈..§@.♣♣ ♣.≈≈..§.
≈≈§≈§.♣
§≈≈≈......♣♣♣♣♣.≈≈.≈≈.♣
..≈≈≈.♣
..≈.$♣♣R≈...≈♣.≈§≈
≈≈.♣♣ ♣..≈≈§≈ ..≈≈
♣.w≈≈≈≈≈.≈≈. ...≈≈
≈...≈ ..≈ ♣♣.≈w≈≈.♣..
..... §≈≈≈ ≈. ♣.≈≈§.♣♣
♣♣.≈!.. .≈≈ ≈
♣>≈≈≈..♣♣♣♣..≈.≈≈ ≈≈
♣.≈≈≈...≈.....≈≈. ≈
♣.≈≈≈.≈≈≈...♣...♣


You could see an eleionoma, a tyrant leech and a swamp worm.

Vanquished Creatures
  4 emperor scorpions
  2 orc warlords
  Azrael (D:12)
  An entropy weaver (Spider:1)
  Snorg (D:11)
  2 spark wasps
  11 hydras
  2 ice dragons
  3 boulder beetles
  A radroach (Spider:3)
  2 jorogumos
  An alligator (Lair:6)
  An ironbound frostheart (IceCv)
  3 two-headed ogres
  3 orc high priests (Orc:2)
  Sonja (D:10)
  Amaemon (D:8)
  8 pharaoh ants
  2 sun moths (Spider:3)
  Lodul (D:11)
  8 orb spiders
  A goliath frog (Swamp:1)
  4 steelbarb worms
  Pikel (D:9)
  4 orc knights (Orc:2)
  7 orc sorcerers
  9 wolf spiders
  4 ugly things
  A manticore (D:11)
  2 cyclopes
  A moth of wrath (Spider:2)
  17 elephants
  Maurice (D:8)
  7 black mambas
  A gargoyle (D:12)
  4 torpor snails
  13 cane toads
  2 unseen horrors (D:10)
  2 demonic crawlers
  An orange demon (D:8)
  Psyche (D:10)
  3 freezing wraiths (Spider:2)
  17 komodo dragons
  5 rime drakes
  A bloated husk (Swamp:2)
  14 polar bears
  6 trolls
  A tyrant leech (Swamp:2)
  8 tarantellas
  Prince Ribbit (D:7)
  4 dream sheep (Lair:6)
  22 blink frogs
  10 jumping spiders
  7 wyverns
  A shadow (D:8)
  14 culicivoras
  69 yaks
  3 fire elementals (D:12)
  6 wraiths
  A steam dragon (D:8)
  14 redbacks
  5 wargs
  2 swamp worms (Swamp:1)
  13 water moccasins
  An acid dragon (D:11)
  19 hell hounds
  7 ice beasts
  37 orc warriors
  14 black bears
  7 ogres
  31 wolves
  11 centaurs
  A phantom (D:5)
  A lemure (D:9)
  A kobold brigand (D:10)
  2 gnoll sergeants
  A necrophage (D:6)
  15 bullfrogs
  6 scorpions
  4 wights
  3 killer bees (D:11)
  8 electric eels
  3 hounds
  4 jellies
  26 orc priests
  2 gnoll shamans
  Jessica (D:3)
  Ijyb (D:3)
  32 orc wizards
  2 iguanas
  Natasha (thrice) (D:4)
  Robin (D:2)
  11 gnolls
  11 adders
  2 shadow imps
  5 white imps
  2 ufetubi
  5 worms
  2 dart slugs (D:2)
  75 orcs
  4 ball pythons
  9 endoplasms
  4 giant cockroaches
  10 hobgoblins
  2 jackals (D:5)
  4 quokkas
  5 bats
  2 frilled lizards (D:2)
  11 goblins
  8 kobolds
  8 rats
793 creatures vanquished.

Vanquished Creatures (collateral kills)
  An ice dragon (IceCv)
  An orc knight (Orc:2)
  2 polar bears (IceCv)
  2 orc warriors
  An ogre (D:6)
  A wight (D:9)
  3 orc priests (Orc:1)
  An orc wizard (Orc:2)
  3 gnolls (D:7)
  5 orcs
  An endoplasm (D:3)
  5 goblins
26 creatures vanquished.

Vanquished Creatures (others)
  16 dancing weapons
  2 foxfires (Swamp:2)
  10 fungi
  34 plants
62 creatures vanquished.

Grand Total: 881 creatures vanquished

Notes
Turn   | Place    | Note
-------+----------+-------------------------------------------
     0 | D:1      | diecastcamel the Spriggan Enchanter began the quest for the
                  | Orb.
     0 | D:1      | Reached XP level 1. HP: 9/9 MP: 5/5
   276 | D:1      | Reached XP level 2. HP: 9/13 MP: 6/6
   474 | D:1      | Learned a level 2 spell: Ensorcelled Hibernation
  1116 | D:2      | Reached skill level 5 in Stealth
  1149 | D:2      | Reached XP level 3. HP: 16/16 MP: 8/8
  1423 | D:2      | Learned a level 3 spell: Tukima's Dance
  1887 | D:2      | Found a faded altar of an unknown god.
  1897 | D:2      | Reached XP level 4. HP: 21/21 MP: 9/9
  2192 | D:2      | Noticed Robin
  2199 | D:2      | Killed Robin
  2870 | D:3      | Noticed Jessica
  2870 | D:3      | Noticed Ijyb
  2907 | D:3      | Noticed an ice beast
  3169 | D:3      | Killed Jessica
  3177 | D:3      | Killed Ijyb
  3178 | D:3      | Reached XP level 5. HP: 24/24 MP: 11/11
  3374 | D:3      | Killed an ice beast
  3375 | D:3      | Reached skill level 6 in Stealth
  3584 | D:3      | Reached XP level 6. HP: 28/28 MP: 13/13
  3887 | D:3      | Learned a level 3 spell: Dazzling Flash
  4003 | D:4      | Noticed Natasha
  4324 | D:4      | Killed Natasha
  4522 | D:4      | Reached skill level 5 in Hexes
  4852 | D:4      | Reached skill level 7 in Stealth
  4865 | D:5      | Entered Level 5 of the Dungeon
  5326 | D:4      | Noticed Natasha
  5335 | D:4      | Killed Natasha
  5378 | D:5      | Reached skill level 5 in Dodging
  5378 | D:5      | Reached skill level 1 in Ice Magic
  5378 | D:5      | Reached XP level 7. HP: 26/30 MP: 9/14
  5951 | D:4      | Noticed Natasha
  5959 | D:4      | Killed Natasha
  6178 | D:5      | Reached skill level 8 in Stealth
  6357 | D:5      | Found Yluymoomya's General Store.
  6790 | D:5      | Reached skill level 9 in Stealth
  6857 | D:5      | Reached XP level 8. HP: 36/36 MP: 15/15
  7610 | D:6      | Reached skill level 5 in Short Blades
  7756 | D:6      | Reached skill level 10 in Stealth
  7785 | D:6      | Found a staircase to the Ecumenical Temple.
  7816 | D:6      | You fall into a shaft and drop 3 floors!
  7913 | D:8      | Noticed Maurice
  7920 | D:8      | Killed Maurice
  8030 | D:6      | Reached skill level 11 in Stealth
  8082 | D:6      | Reached XP level 9. HP: 39/39 MP: 14/16
  8092 | Temple   | Entered the Ecumenical Temple
  8150 | Temple   | Became a worshipper of Dithmenos the Shadowed
  8907 | D:7      | Upgraded the game from 0.29-a0-721-g7f417c9bbb to
                  | 0.29-a0-723-gce39da1c22
  8911 | D:7      | Learned a level 3 spell: Confusing Touch
  9456 | D:7      | Noticed Prince Ribbit
  9469 | D:7      | Killed Prince Ribbit
  9785 | D:7      | Found a snail-covered altar of Cheibriados.
 10018 | D:8      | Noticed Amaemon
 10117 | D:8      | Reached skill level 12 in Stealth
 10257 | D:8      | Reached skill level 5 in Spellcasting
 10327 | D:8      | Reached * piety under Dithmenos
 11001 | D:9      | Reached XP level 10. HP: 44/44 MP: 18/18
 11107 | D:9      | Found a staircase to the Orcish Mines.
 11322 | D:9      | Noticed a two-headed ogre
 11335 | D:9      | Reached skill level 13 in Stealth
 11376 | D:9      | Killed a two-headed ogre
 11789 | D:9      | Found a glowing silver altar of Zin.
 11794 | D:9      | Found an iron altar of Okawaru.
 11798 | D:9      | Found a blossoming altar of Fedhas.
 11854 | D:9      | Reached skill level 10 in Dodging
 12552 | D:9      | Noticed a six-headed hydra
 12568 | D:9      | Killed a six-headed hydra
 12588 | D:9      | Noticed a two-headed ogre
 12647 | D:9      | Killed a two-headed ogre
 12851 | D:9      | Reached ** piety under Dithmenos
 12895 | D:9      | Noticed Pikel
 12905 | D:9      | Killed Pikel
 12906 | D:9      | Reached skill level 14 in Stealth
 12906 | D:9      | Reached XP level 11. HP: 47/47 MP: 19/19
 13013 | D:10     | Entered Level 10 of the Dungeon
 13014 | D:10     | Noticed Psyche
 13021 | D:10     | Killed Psyche
 13525 | D:10     | Reached skill level 1 in Evocations
 13559 | D:10     | Found a staircase to the Lair.
 13721 | D:10     | Noticed Sonja
 13728 | D:10     | Killed Sonja
 13953 | D:10     | Reached *** piety under Dithmenos
 13987 | D:10     | Noticed a white ugly thing
 14011 | D:10     | Killed a white ugly thing
 14296 | Lair:1   | Entered Level 1 of the Lair of Beasts
 14368 | Lair:1   | Reached skill level 10 in Hexes
 14401 | Lair:1   | Reached skill level 15 in Stealth
 14450 | Lair:1   | Noticed a six-headed hydra
 14471 | Lair:1   | Killed a six-headed hydra
 14472 | Lair:1   | Reached skill level 10 in Short Blades
 14700 | Lair:1   | Reached skill level 5 in Evocations
 14745 | Lair:1   | Reached XP level 12. HP: 51/51 MP: 7/20
 15823 | Lair:2   | Reached **** piety under Dithmenos
 16157 | Lair:2   | Reached skill level 16 in Stealth
 16200 | Lair:2   | Found a staircase to the Swamp.
 17948 | Lair:3   | Reached skill level 1 in Shields
 18058 | Lair:3   | Noticed a four-headed hydra
 18063 | Lair:3   | Noticed a five-headed hydra
 18065 | Lair:3   | Killed a four-headed hydra
 18071 | Lair:3   | Killed a five-headed hydra
 18425 | Lair:3   | Noticed a seven-headed hydra
 18428 | Lair:3   | Killed a seven-headed hydra
 18429 | Lair:3   | Reached skill level 17 in Stealth
 18465 | Lair:3   | Reached XP level 13. HP: 55/55 MP: 21/21
 19201 | Lair:4   | Learned a level 4 spell: Cause Fear
 19242 | Lair:4   | Reached ***** piety under Dithmenos
 19269 | Lair:4   | Found a gate leading to a gauntlet.
 19361 | Lair:4   | Found a hole to the Spider Nest.
 19753 | Lair:4   | Found the +6 lightning scales {swift, rElec}
 21180 | Lair:5   | Reached skill level 18 in Stealth
 21479 | Lair:5   | Found a runed translucent door.
 21479 | Lair:5   | Found a viscous altar of Jiyva.
 21480 | Lair:5   | Found a staircase to the Slime Pits.
 21738 | Lair:6   | Entered Level 6 of the Lair of Beasts
 21765 | Lair:5   | Reached skill level 10 in Evocations
 22013 | Lair:6   | Learned a level 2 spell: Blink
 22200 | Lair:6   | Reached skill level 1 in Translocations
 22377 | Lair:6   | Reached ****** piety under Dithmenos
 22551 | Lair:6   | Reached XP level 14. HP: 59/59 MP: 22/22
 23691 | Lair:6   | Reached skill level 19 in Stealth
 24343 | Lair:6   | Reached skill level 5 in Shields
 25112 | Orc:1    | Entered Level 1 of the Orcish Mines
 25819 | Orc:1    | Noticed an orc warlord
 25940 | Orc:1    | Killed an orc warlord
 26421 | Orc:2    | Entered Level 2 of the Orcish Mines
 26421 | Orc:2    | Found a staircase to the Elven Halls.
 26736 | Orc:2    | Found Jiuvelal's Weapon Emporium.
 27790 | Orc:2    | Noticed an orc warlord
 27947 | Orc:2    | Killed an orc warlord
 27948 | Orc:2    | Reached skill level 20 in Stealth
 28223 | Orc:2    | Reached XP level 15. HP: 56/63 MP: 23/23
 29358 | Orc:2    | Found Huigorch's Antique Armour Emporium.
 29359 | Orc:2    | Found Saeggoeph's Antique Weapon Shoppe.
 29360 | Orc:2    | Found Fuulloru's General Store.
 29360 | Orc:2    | Found Kiafeal's Jewellery Emporium.
 29427 | Orc:2    | Bought a +4 ring of slaying for 1170 gold pieces
 29427 | Orc:2    | Bought the ring "Riuw Lazo" {rPois rC+ rCorr SInv} for 582
                  | gold pieces
 29645 | Spider:1 | Entered Level 1 of the Spider Nest
 29783 | Spider:1 | Reached skill level 15 in Hexes
 30006 | Spider:1 | Noticed an emperor scorpion
 30116 | Spider:1 | Killed an emperor scorpion
 30547 | Spider:1 | Noticed an emperor scorpion
 30549 | Spider:1 | Killed an emperor scorpion
 30559 | Spider:1 | Noticed an emperor scorpion
 30560 | Spider:1 | Killed an emperor scorpion
 30854 | Spider:2 | Found a frozen archway.
 30878 | IceCv    | Entered an ice cave
 31134 | IceCv    | Reached skill level 21 in Stealth
 31336 | IceCv    | Upgraded the game from 0.29-a0-723-gce39da1c22 to
                  | 0.29-a0-732-g3d7fbe0af2
 31912 | Spider:3 | Noticed an emperor scorpion
 31979 | Spider:3 | Reached skill level 15 in Dodging
 32609 | Spider:3 | Reached skill level 15 in Short Blades
 32903 | Spider:3 | Killed an emperor scorpion
 32904 | Spider:3 | Reached XP level 16. HP: 67/67 MP: 21/24
 33782 | D:8      | Killed Amaemon
 33783 | D:8      | Reached skill level 22 in Stealth
 34008 | D:11     | Noticed Lodul
 34015 | D:11     | Killed Lodul
 35006 | D:11     | Noticed Snorg
 35063 | D:11     | Killed Snorg
 35785 | D:12     | Noticed Azrael
 35789 | D:12     | Killed Azrael
 35926 | D:12     | Noticed snackwell's ghost (journeyman TrGl)
 35952 | D:12     | Found a transporter.
 35955 | D:12     | Found a transporter.
 35964 | D:12     | Noticed Josephine
 36619 | Swamp:1  | Entered Level 1 of the Swamp
 36635 | Swamp:1  | You fall into a shaft and drop 1 floor!
 36676 | Swamp:2  | Noticed Mlioglotl
 36703 | Swamp:2  | Killed from afar by a swamp worm

Illustrated notes

Levels and vault maps discovered:
D:1:      beargit_arrival_greenhouse, layout_rooms, supply_closet_lemuel,
          chequers_serial_rivers_room_b
D:2:      layout_loops_ring, chequers_ecumenical_altar_simple_redux, uniq_robin
D:3:      layout_basic, uniq_jessica, uniq_ijyb
D:4:      layout_basic, uniq_natasha
D:5:      minmay_inner_zag, layout_cave_pools, serial_shops,
          nicolae_inconvenience_store
D:6:      layout_cave_pools, minmay_temple_entry_slanted, nicolae_water_bricks
D:7:      layout_rooms, mainiacjoe_overflow_24_doors, uniq_prince_ribbit1
D:8:      layout_basic, uniq_maurice, uniq_amaemon
D:9:      layout_basic, minmay_overflow_temple_star_quad, orc_0_dummy,
          minmay_checkerbox, uniq_pikel
D:10:     layout_cave_pods, lair_entry_dummy, uniq_sonja, uniq_psyche
D:11:     layout_basic, minivault_16, uniq_lodul, uniq_snorg
D:12:     layout_irregular_city, gammafunk_ghost_arena, uniq_kirke, uniq_azrael,
          uniq_josephine
Temple:   nicolae_temple_no_exploring_needed
Lair:1:   layout_gridlike, serial_bayou_pond_a
Lair:2:   layout_concentric_octagons, swamp_mist_pool, st_stairs_13,
          minmay_lair_oklob_bushes, nicolae_quartered_pool_super,
          nicolae_lair_run_with_the_wolves
Lair:3:   layout_layer_cave, beast_lair_carwin_11, grunt_megastairs_3
Lair:4:   layout_big_grid, nicolae_spider_entry_non_spiders,
          gauntlet_entry_generic, infiniplex_staircase_pool
Lair:5:   layout_regular_city, slime_entry_2, serial_bayou_pond_b
Lair:6:   hangedman_lair_caniforms_friends, layout_hall_layers, ice2_lemuel,
          grunt_megastairs_2
Swamp:1:  layout_falls_marsh, serial_swamp_ruin, evilmike_swamp_ruin_house_1,
          evilmike_swamp_ruin_house_5
Swamp:2:  layout_basic_swamp, nicolae_swamp_small_spring, swamp_pool5,
          cheibrodos_swamp_pet_leeches, uniq_mlioglotl
Spider:1: layout_spider_delve, nicolae_spider_wall_of_niches
Spider:2: layout_spider_delve, portal_ice_cave_entry_frozen_things
Spider:3: layout_cave_pods
Orc:1:    layout_caves
Orc:2:    st_orc_congregation, layout_diamond_mine, serial_shops,
          nicolae_shop_stone, statue_in_the_mist_lemuel

Skill      XL: |  1  2  3  4  5  6  7  8  9 10 11 12 13 14 15 16 |
---------------+-------------------------------------------------+-----
Dodging        | 3 4 5 6 7 9 10 12 13 15 | 15.6
Stealth        | 5 6 7 9 11 12 14 15 17 18 20 21 22 | 22.5
Short Blades   | 2 3 4 6 7 9 10 11 12 13 15 | 15.0
Spellcasting   | 3 4 5 |  5.0
Hexes          | 4 5 6 8 9 10 11 13 14 15 16 | 16.0
Ice Magic      | 1 2 3 4 |  4.0
Evocations     | 5 8 10 12 | 12.7
Shields        | 2 4 5 |  5.0
Translocations | 1 4 |  4.0

Action                   |  1- 3 |  4- 6 |  7- 9 | 10-12 | 13-15 | 16-18 || total
-------------------------+-------+-------+-------+-------+-------+-------++-------
Melee: Dagger            |    67 |   117 |   183 |   254 |   822 |   130 ||  1573
       Punch             |       |       |     1 |       |       |       ||     1
 Fire: Sling             |       |     3 |    53 |       |       |       ||    56
Throw: Stone             |       |     1 |     1 |     5 |       |       ||     7
       Dart              |       |     4 |       |     3 |       |       ||     7
       Throwing net      |       |       |     1 |       |       |       ||     1
 Cast: Ensorcelled Hiber |    29 |    54 |    65 |   175 |   385 |    53 ||   761
       Tukima's Dance    |       |     9 |    25 |    11 |    26 |       ||    71
       Confusing Touch   |       |       |     1 |     4 |    32 |    11 ||    48
       Dazzling Flash    |       |       |       |       |    61 |     4 ||    65
       Cause Fear        |       |       |       |       |     3 |     2 ||     5
       Blink             |       |       |       |       |     2 |     3 ||     5
Evoke: Wand              |       |    10 |     5 |       |     1 |       ||    16
       Box of beasts     |       |       |       |       |     2 |       ||     2
       Condenser vane    |       |       |       |       |     2 |       ||     2
  Use: Scroll            |       |     7 |     4 |     7 |    15 |     5 ||    38
       Potion            |       |       |     1 |       |     1 |     3 ||     5
 Stab: Sleeping          |    25 |    36 |    49 |   124 |   300 |    46 ||   580
       Distracted        |     1 |       |     2 |     6 |    12 |       ||    21
       Invisible         |       |       |     3 |       |    41 |     1 ||    45
       Confused          |       |       |     1 |     2 |    32 |     6 ||    41
Armor: Robe              |     4 |     4 |     5 |    11 |    26 |     3 ||    53
Dodge: Dodged            |    28 |    75 |   106 |   122 |   361 |    81 ||   773
Block: Other             |       |       |    29 |     8 |       |       ||    37
       Reflection        |       |       |     2 |     1 |     8 |     2 ||    13
       Buckler           |       |       |       |    89 |   357 |    83 ||   529

Table legend: (Time is in decaauts)
 A = Elapsed time spent in this place.
 B = Non-inter-level travel time spent in this place.
 C = Inter-level travel time spent in this place.
 D = Time resting spent in this place.
 E = Time spent auto-exploring this place.
 F = Levels seen in this place.
 G = Mean time per level.
                   A        B        C        D        E       F      G
               +--------+--------+--------+--------+--------+-----+--------+
         Total |  28232 |  26610 |   1622 |   8797 |  10150 |  27 | 1045.6 |
       Dungeon |  13766 |  12812 |    954 |   4497 |   4729 |  12 | 1147.2 |
        Temple |     61 |     54 |      7 |      0 |     51 |   1 |   61.0 |
          Lair |   8303 |   7840 |    463 |   2372 |   3242 |   6 | 1383.8 |
         Swamp |     72 |     72 |      0 |      0 |     29 |   2 |   36.0 |
   Spider Nest |   2524 |   2403 |    121 |    560 |   1162 |   3 |  841.3 |
  Orcish Mines |   3030 |   2955 |     75 |    982 |    932 |   2 | 1515.0 |
      Ice Cave |    473 |    473 |      0 |    386 |      4 |   1 |  473.0 |
               +--------+--------+--------+--------+--------+-----+--------+

Top non-repeatable levels by time:
  Lair:6: 2239 daAuts
   Orc:2: 2141 daAuts
     D:9: 1993 daAuts
     D:2: 1496 daAuts
  Lair:2: 1409 daAuts
  Lair:1: 1393 daAuts
    D:10: 1382 daAuts
     D:4: 1380 daAuts
    D:11: 1376 daAuts
  Lair:3: 1169 daAuts
     D:8: 1129 daAuts
     D:7: 1120 daAuts
  Lair:5: 1088 daAuts
  Lair:4: 1004 daAuts
Spider:3: 984 daAuts
